 Dungeon Crawl Stone Soup version 0.20-a0-823-gdec668e (webtiles) character file.

52 Heskey the Skirmisher (level 3, -1/20 HPs)
             Began as a Vine Stalker Fighter on Mar 5, 2017.
             Slain by Sigmund
             ... wielding a +5 scythe
              (8 damage)
             ... on level 2 of the Dungeon.
             The game lasted 00:02:05 (1094 turns).

Heskey the Skirmisher (Vine Stalker Fighter)        Turns: 1094, Time: 00:02:06

Health: -1/20      AC:  6    Str: 24    XL:     3   Next: 85%
Magic:  0/4        EV:  7    Int:  8    God:
Gold:   44         SH:  9    Dex: 13    Spells: 2/2 levels left

rFire    . . .     SeeInvis .   a - +0 flail
rCold    . . .     Gourm    .   b - +0 scale mail
rNeg     . . .     Faith    .   c - +0 shield
rPois    .         Spirit   +   (no helmet)
rElec    .         Reflect  .   (no cloak)
rCorr    .         Harm     .   (no gloves)
MR       .....                  (no boots)
Stlth    ..........             (no amulet)
Regen    0.1/turn               (no ring)
MPRegen  0.1/turn               (no ring)

@: mighty
A: fangs 2, magic shield, antimagic bite, no potion heal 3, rot immunity
a: no special abilities


You were on level 2 of the Dungeon.
You were hungry.

You visited 1 branch of the dungeon, and saw 2 of its levels.

You collected 44 gold pieces.

Inventory:

Hand Weapons
 a - a +0 flail (weapon)
Armour
 b - a +0 scale mail (worn)
 c - a +0 shield (worn)
Scrolls
 h - a scroll of identify {unknown}
 i - a scroll of teleportation {unknown}
Potions
 e - a potion of heal wounds {unknown}
Comestibles
 f - a bread ration
 g - a meat ration


   Skills:
 * Level 3.2 Fighting
 + Level 2.3 Maces & Flails
 + Level 2.7 Armour
 + Level 3.1 Shields


You had 2 spell levels left.
You didn't know any spells.

Dungeon Overview and Level Annotations

Branches:
Dungeon (2/15)

Altars:
The Shining One

Annotations:
D:2 Sigmund


Innate Abilities, Weirdness & Mutations

You have extremely sharp teeth.
When hurt, damage is shared between your health and your magic reserves.
Your bite disrupts and absorbs the magic of your enemies.
Potions cannot restore your health.
You are immune to rotting.


Message History

There is a stone staircase leading down here.
Okay, then.
You feel very mighty all of a sudden.
You climb downwards.
Level annotation: Sigmund
There is a stone staircase leading up here.
Sigmund mumbles some strange words.
Sigmund flickers and vanishes!
No target in view!
You barely miss something. You bite something. You drain its magic.
You block something's attack.
You miss something. Your bite misses something.
You hear some strange, mumbled words.
Something tries to affect you, but you resist.
You sock something! Something hits you.
You miss something. Your bite misses something. Something hits you!
Ouch! That really hurt!
You miss something. You bite something. You drain its magic.
You feel invigorated. Something hits you!
You die...

#.# ####### #.......#
#.# ####...## #.#
##.#.## ##.#
########..#..### #.##
#####........###....
### #.##...(....##
##...
#.##..###..##...##..
#.##..#...##..⌠..##.
#<.@{....##..⌠.⌠..##
#.##...### .⌠._.⌠. #
#.##.#...##..⌠.⌠.. #
..##......##..⌠..+#.
..########..##...##..
... ##..##.##... ....
##..###..## .....
#...#...# #...#...#


There were no monsters in sight!

Vanquished Creatures
  2 adders (D:2)
  A dart slug (D:1)
  2 leopard geckos (D:1)
  5 bats
  A giant cockroach (D:1)
  5 goblins (D:1)
  2 hobgoblins
  3 kobolds (D:1)
  A ball python (D:1)
  3 frilled lizards
  4 rats
29 creatures vanquished.

Notes
Turn   | Place    | Note
-------+----------+-------------------------------------------
     0 | D:1      | Heskey the Vine Stalker Fighter began the quest for the Orb.
     0 | D:1      | Reached XP level 1. HP: 11/11 MP: 2/2
    86 | D:1      | Reached XP level 2. HP: 16/16 MP: 3/3
   653 | D:1      | Reached XP level 3. HP: 20/20 MP: 4/4
   844 | D:2      | Found a glowing golden altar of the Shining One.
   984 | D:2      | Noticed Sigmund
  1094 | D:2      | Slain by Sigmund

Vault maps used:
D:1:      erik_arrival_cave_to_civilisation
D:2:      kennysheep_okawaru_gauntlet, tso_metal_star, uniq_sigmund, uniq_robin

Skill      XL: |  1  2 |
---------------+-------+-----
Maces & Flails | 2 |  2.3
Fighting       | 3 |  3.2
Shields        | 3 |  3.1
Armour         | |  2.7

Action                   || total
-------------------------++-------
Melee: Flail             ||    98
       Bite              ||    23
  Use: Potion            ||     1
Armor: Scale mail        ||    43
Dodge: Dodged            ||    38
Block: Shield            ||    44
